 Dungeon Crawl Stone Soup version 0.24.1-14-gf8d2b509d9 (webtiles) character file.

Game seed: 10057696169955019254, levelgen mode: deterministic

6862 Descartes the Blocker (level 11, -11/49 HPs)
             Began as a Vine Stalker Fighter on May 21, 2020.
             Was an Initiate of Gozag.
             Killed from afar by a raiju (13 damage)
             ... with a living lightning
             ... on level 1 of the Abyss.
             The game lasted 00:37:26 (7825 turns).

Descartes the Blocker (Vine Stalker Fighter)        Turns: 7825, Time: 00:37:28

Health: -11/49     AC: 25    Str: 28 (29) XL:     11   Next: 6%
Magic:  0/17       EV:  6    Int:  6      God:    Gozag
Gold:   1970       SH: 12    Dex: 11      Spells: 10/10 levels left

rFire    + . .     SeeInvis +   l - +1 hand axe of the Ancients {venom, rF+ rC+ Stlth+}
rCold    + . .     Gourm    .   c - +0 shield
rNeg     . . .     Faith    .   j - +10 plate armour of the Shoals {rPois Str+6}
rPois    +         Spirit   +   (helmet restricted)
rElec    .         Reflect  .   a - scarf {repulsion}
rCorr    .         Harm     .   r - +0 pair of gloves
MR       +....     Rnd*Rage +   (no boots) Stlth ..........Rnd*Tele +
                                t - amulet of regeneration
HPRegen  0.96/turn              F - ring "Jyshrem" {*Drain +Blink rPois Str+4 SInv}
MPRegen  0.15/turn              J - ring of magical power

@: about to teleport, repel missiles
A: fangs 3, horns 1, [berserk 3], [blurry vision 3], [clumsy 2], [deterioration
2], [dopey 2], [frail 2], [low mp 3], regeneration 1, [screaming 2],
[teleportitis 3], wild magic 1, magic shield, antimagic bite, no potion heal 3,
rot immunity, [subdued magic 2]
a: Potion Petition, Call Merchant, Bribe Branch, Renounce Religion, Evoke Blink


You were on level 1 of the Abyss.
You worshipped Gozag.
Gozag was most pleased with you.
You were not hungry.

You visited 2 branches of the dungeon, and saw 9 of its levels.
You visited the Abyss 1 time.
You also visited: Bailey.

You collected 2036 gold pieces.
You paid 66 gold pieces to Gozag.

Inventory:

Hand Weapons
 l - the +1 hand axe of the Ancients (weapon) {venom, rF+ rC+ Stlth+}
   (You found it on level 4 of the Dungeon)

   It poisons the flesh of those it strikes.
   It protects you from fire.
   It protects you from cold.
   It makes you more stealthy.
 G - a +3 falchion
 K - a +6 battleaxe
Missiles
 m - 198 arrows
 n - 148 stones
 z - 10 poisoned darts (quivered)
 D - 51 boomerangs
 H - a throwing net
Armour
 a - a scarf of repulsion (worn)
 c - a +0 shield (worn)
 j - the +10 plate armour of the Shoals (worn) {rPois Str+6}
   (You found it in a bailey)

   It affects your strength (+6).
   It protects you from poison.
 r - a +0 pair of gloves (worn)
 y - a +0 helmet
 B - a +2 chain mail of fire resistance
 P - a +4 plate armour of poison resistance
Jewellery
 e - an uncursed ring of flight
 g - a +3 ring of protection
 t - an amulet of regeneration (around neck)
 F - the ring "Jyshrem" (left hand) {*Drain +Blink rPois Str+4 SInv}
   (You found it on level 7 of the Dungeon)

   [ring of strength]

   It affects your strength (+4).
   It protects you from poison.
   It lets you see invisible.
   It lets you blink.
   It causes draining when unequipped.
 J - a ring of magical power (right hand)
Wands
 b - a wand of random effects (18)
 p - a wand of scattershot (7)
 I - a wand of polymorph (14)
 Q - a wand of enslavement (2)
Scrolls
 h - 2 scrolls of magic mapping
 i - 3 scrolls of remove curse
 o - 4 scrolls of enchant weapon
 q - 2 scrolls of teleportation
 u - 2 scrolls of blinking {unknown}
 w - a scroll of fear {unknown}
 E - 2 scrolls of amnesia {unknown}
 M - a scroll of noise {unknown}
 N - a scroll of immolation {unknown}
Potions
 d - a potion of might
 k - a potion of brilliance
 s - a potion of mutation
 v - 3 potions of lignification
 x - 3 potions of curing
 A - a potion of magic
 C - 2 potions of cancellation
 L - a potion of agility
 O - a potion of ambrosia
 R - a potion of degeneration {unknown}
Comestibles
 f - 18 rations


   Skills:
 + Level 9.2 Fighting
 - Level 1.7 Axes
 + Level 8.5 Armour
 + Level 9.3 Shields


You had 10 spell levels left.
You didn't know any spells.
Your spell library contained the following spells:

 Spells                   Type           Power        Failure   Level  Hunger
 Magic Dart               Conj           #...         100%        1    ##.....
 Blink                    Tloc           N/A          100%        2    ###....
 Call Imp                 Summ           #.......     100%        2    ###....
 Slow                     Hex            #.......     100%        2    ###....
 Conjure Flame            Conj/Fire      #.......     100%        3    ####...
 Mephitic Cloud           Conj/Pois/Air  #.......     100%        3    ####...


Dungeon Overview and Level Annotations

Branches:
Dungeon (8/15)             Temple (1/1) D:4          Bailey (visited)
   Lair: D:8-11

Altars:
Ashenzari
Cheibriados
Dithmenos
Elyvilon
Fedhas
Gozag
Hepliaklqana
Kikubaaqudgha
Makhleb
Nemelex Xobeh
Okawaru
Qazlal
Ru
Sif Muna
Trog
Uskayaw
Vehumet
Wu Jian
Xom
Yredelemnul
Zin
The Shining One

Shops:
D:4 (   D:6 *

Annotations:
D:8 Psyche


Innate Abilities, Weirdness & Mutations

You have razor-sharp teeth.
Your natural rate of healing is unusually fast.
When hurt, damage is shared between your health and your magic reserves.
Your bite disrupts and absorbs the magic of your enemies.
Potions cannot restore your health.
You are immune to rotting.
You have a pair of small horns on your head.
Your spells are a little harder to cast, but a little more powerful.
[You have an uncontrollable temper.]
[Scrolls take you much longer to read.]
[You are very clumsy. (Dex -4)]
[Your body often deteriorates upon taking damage.]
[You are very dopey. (Int -4)]
[You are very frail. (-20% HP)]
[Your magical capacity is extremely low. (-30% MP)]
[You sometimes yell uncontrollably at your foes.]
[You are often teleported next to monsters.]
[Your spells are easier to cast, but less powerful.]


Message History

Really read with blurry vision while enemies are nearby?
The raiju bites you. The raiju shocks you!
You begin reading the scroll.
You continue reading the scroll.
The wretched star pulses with an eldritch light!
You feel less energetic.
The wretched star pulses with an eldritch light!
Your vision blurs.
The raiju bites you but does no damage.
As you read the scroll of teleportation, it crumbles to dust.
You feel strangely unstable.
You feel the power of the Abyss delaying your translocation!
The wretched star pulses with an eldritch light!
The wretched star glows turbulently.
The orb of energy hits you!!
* * * LOW HITPOINT WARNING * * *
The orb of energy explodes!
The mystic blast hits the raiju!!
The raiju bursts into living lightning!
The living lightning is repelled.
The living lightning hits you!
You die...
Your body crumbles into a pile of gold.

#..#####§. #
.###...#..##
.# #... .####
.≈ . .##.# #
#.### ##.###
#.#..#.# #
#...*.# .# .
##.#..#.#....
#..#.@h..#
#..#.#####
.#..*.
....#.#
#.#..#.. .#..
..# #.## ..
.# .#


You could see 2 wretched stars and a raiju.

Vanquished Creatures
  An orc knight (Bailey)
  Maurice (D:8)
  Prince Ribbit (D:6)
  Sigmund (D:3)
  4 hogs (D:8)
  A human (D:8)
  Eustachio (D:6)
  Menkaure (D:6)
  Duvessa (D:6)
  A water moccasin (D:8)
  3 ice beasts
  A black bear (D:7)
  6 orc warriors
  2 sky beasts (D:8)
  An eye of draining (D:8)
  5 ogres
  A big kobold (D:8)
  7 bullfrogs
  2 gnoll sergeants
  Dowan (D:6)
  2 scorpions
  11 wights
  10 killer bees (D:8)
  5 howler monkeys
  A crimson imp (D:5)
  A jelly (D:8)
  4 orc priests
  4 hounds
  6 orc wizards
  A centaur skeleton (D:5)
  Terence (D:3)
  3 iguanas (D:8)
  3 worker ants (D:4)
  2 hound skeletons
  A howler monkey zombie (D:7)
  14 gnolls
  15 adders
  A white imp (Abyss:1)
  An ooze (D:1)
  2 adder skeletons
  3 worms
  5 dart slugs
  6 leopard geckos
  12 orcs
  7 giant cockroaches
  10 goblins
  10 hobgoblins
  3 jackals (D:6)
  3 quokkas
  9 bats
  5 frilled lizards
  25 kobolds
  A quokka zombie (D:5)
  6 rats
235 creatures vanquished.

Notes
Turn   | Place    | Note
-------+----------+-------------------------------------------
     0 | D:1      | Descartes the Vine Stalker Fighter began the quest for the
                  | Orb.
     0 | D:1      | Reached XP level 1. HP: 11/11 MP: 2/2
    15 | D:1      | Reached XP level 2. HP: 9/16 MP: 3/3
   320 | D:1      | Reached XP level 3. HP: 14/20 MP: 4/4
   676 | D:1      | HP: 1/20 [poisoned by an adder]
  1002 | D:2      | Gained mutation: Your natural rate of healing is unusually
                  | fast. [Vine Stalker growth]
  1002 | D:2      | Reached XP level 4. HP: 24/24 MP: 5/5
  1924 | D:3      | Noticed Sigmund
  1935 | D:3      | Killed Sigmund
  1935 | D:3      | Reached XP level 5. HP: 22/29 MP: 6/6
  1935 | D:3      | Reached XP level 6. HP: 25/33 MP: 7/7
  2308 | D:3      | Noticed Terence
  2317 | D:3      | Killed Terence
  2817 | D:4      | Reached XP level 7. HP: 38/38 MP: 8/8
  2863 | D:4      | Found a staircase to the Ecumenical Temple.
  2870 | Temple   | Entered the Ecumenical Temple
  3056 | Temple   | Became a worshipper of Gozag Ym Sagoz the Greedy
  3439 | D:4      | Reached skill level 5 in Shields
  3457 | D:4      | Reached skill level 5 in Fighting
  3571 | D:4      | Got an ichor-stained hand axe
  3572 | D:4      | Identified the cursed +1 hand axe of the Ancients {venom,
                  | rF+ rC+ Stlth+} (You found it on level 4 of the Dungeon)
  3589 | D:4      | Found Ujeekh's Weapon Shoppe.
  3924 | D:5      | Entered Level 5 of the Dungeon
  4002 | D:5      | Gained mutation: You have razor-sharp teeth. [Vine Stalker
                  | growth]
  4002 | D:5      | Reached XP level 8. HP: 36/43 MP: 6/9
  4240 | D:5      | Reached skill level 5 in Armour
  4776 | D:6      | Found Gozag's Platinum Reserve.
  4779 | D:6      | Noticed Prince Ribbit
  4783 | D:6      | Found an opulent altar of Gozag.
  4975 | D:6      | Noticed Menkaure
  4995 | D:6      | Killed Menkaure
  5038 | D:6      | Noticed Duvessa
  5038 | D:6      | Noticed Dowan
  5047 | D:6      | Killed Duvessa
  5047 | D:6      | Reached XP level 9. HP: 45/49 MP: 10/10
  5049 | D:6      | Killed Dowan
  5136 | D:6      | Killed Prince Ribbit
  5208 | D:6      | Noticed Eustachio
  5217 | D:6      | Killed Eustachio
  5296 | D:6      | Found a shimmering altar of Xom.
  5870 | D:7      | Got a glittering jade ring
  5887 | D:7      | Identified the ring "Jyshrem" {*Drain +Blink rPois Str+4
                  | SInv} (You found it on level 7 of the Dungeon)
  6146 | D:7      | Reached XP level 10. HP: 56/56 MP: 11/11
  6328 | D:8      | Noticed Maurice
  6340 | D:8      | Gained mutation: You have a pair of small horns on your
                  | head. [potion of mutation]
  6340 | D:8      | Gained mutation: Your spells are a little harder to cast,
                  | but a little more powerful. [potion of mutation]
  6355 | D:8      | Killed Maurice
  6397 | D:8      | Found a flagged portal.
  6406 | Bailey   | Entered a bailey
  6414 | Bailey   | Noticed an orc knight
  6613 | Bailey   | Got a brightly glowing plate armour
  6639 | Bailey   | Identified the +10 plate armour of the Shoals {rPois Str+6}
                  | (You found it in a bailey)
  6742 | Bailey   | Killed an orc knight
  7349 | D:8      | Reached XP level 11. HP: 62/62 MP: 12/12
  7599 | D:8      | Noticed Psyche
  7604 | D:8      | Cast into level 1 of the Abyss (Psyche)
  7620 | Abyss:1  | Found a corrupted altar of Lugonu.
  7621 | Abyss:1  | Found a corrupted altar of Lugonu.
  7669 | Abyss:1  | Noticed a brown ugly thing
  7671 | Abyss:1  | Noticed a tentacled monstrosity
  7673 | Abyss:1  | Noticed a white very ugly thing
  7678 | Abyss:1  | Noticed a brown ugly thing
  7678 | Abyss:1  | Noticed a brown very ugly thing
  7704 | Abyss:1  | Noticed a wretched star
  7740 | Abyss:1  | Noticed a large abomination
  7795 | Abyss:1  | Noticed a bone dragon
  7796 | Abyss:1  | Noticed a wretched star
  7820 | Abyss:1  | Noticed a wretched star
  7825 | Abyss:1  | HP: 2/49 [wretched star/orb of energy (23)]
  7825 | Abyss:1  | Killed from afar by a raiju

Levels and vault maps discovered:
D:1:      wander_arrival_fairy_ring, layout_rooms, minmay_close_crescents
D:2:      layout_loops_ring, first_ration
D:3:      layout_basic, uniq_sigmund, uniq_terence
D:4:      layout_basic, minmay_temple_entry_tees, serial_shops,
          kennysheep_little_box, lightli_minifort
D:5:      layout_cave_pods
D:6:      layout_basic, nicolae_overflow_crystal_walls,
          nicolae_gozag_zags_fifth_avenue, uniq_eustachio, uniq_duvessa,
          uniq_menkaure, uniq_prince_ribbit1
D:7:      layout_basic
D:8:      layout_basic, enter_bailey_8, grunt_livestock, uniq_maurice,
          uniq_psyche
Temple:   kilobyte_greek_temple
Abyss:1:  base: D:7, abyss_furniture_001, evilmike_abyss_exit_vortex

Skill      XL: |  1  2  3  4  5  6  7  8  9 10 |
---------------+-------------------------------+-----
Fighting       | 3 4 5 6 7 9 |  9.2
Shields        | 3 4 5 6 7 9 |  9.3
Armour         | 3 4 6 7 8 |  8.5
Axes           | |  1.7

Action                   |  1- 3 |  4- 6 |  7- 9 | 10-12 || total
-------------------------+-------+-------+-------+-------++-------
Melee: War axe           |    98 |   206 |    82 |       ||   386
       Bite              |    16 |    49 |   137 |    84 ||   286
       Hand axe          |       |       |   282 |   228 ||   510
       Headbutt          |       |       |       |    55 ||    55
Invok: Potion Petition   |       |       |     1 |       ||     1
 Abil: Evoke Flight      |       |       |       |     4 ||     4
       Evoke Blink       |       |       |       |     1 ||     1
  Use: Potion            |     4 |       |     2 |     2 ||     8
       Scroll            |       |       |     8 |     7 ||    15
 Stab: Distracted        |       |       |     2 |       ||     2
  Eat: Chunk             |       |     6 |       |       ||     6
       Ration            |       |       |     3 |     3 ||     6
Armor: Scale mail        |    60 |     6 |       |       ||    66
       Plate armour      |       |   126 |    28 |    55 ||   209
       Chain mail        |       |       |   170 |    48 ||   218
Dodge: Dodged            |    34 |    23 |    50 |    41 ||   148
       Deflected         |       |       |     1 |    14 ||    15
Block: Shield            |    61 |   120 |   191 |   162 ||   534
